AoeStats
← audi

Arena

510137841Analyzed
3v3 RM · 2d ago on Sep 29, 2026· 21m 43s· 6 players
Game mode
Random Map
Map size
Normal (6 player)
Population
200
Speed
Normal
Resources
Standard
Victory
Conquest
Starting age
Dark Age
Ending age
Imperial Age
RankedLock teamsTeams togetherTeam positionsShared explorationLock speedFull tech treeHidden civsTurbo modeCheats
Victory
Defeat
🇹🇷 Turks · Türkiye
1127
+13
🇹🇷 Ethiopians · Türkiye
1112
+14
🇹🇷 Malians · Türkiye
1085
+14
🇨🇳 Magyars · China
1067
-14
1054
-14
1050
-13
希望大陸人有素質一點
7:48 Loom
10:27 Feudal Age
꧁༺乡 SC∆R 乡 ༻꧂
7:36 Loom
10:14 Feudal Age
likelisi017
audi
3:55 Loom
11:31 Feudal Age
12:08 Double-Bit Axe
12:08 Horse Collar
14:01 Wheelbarrow
14:39 Forging
15:33 Town Watch
17:09 Scale Barding Armor
21:20 Castle Age
19:22 Gold Mining
20:07 Bloodlines
22:24 Chain Barding Armor
21:28 Light Cavalry
22:30 Bow Saw
22:56 Iron Casting
Janissaryyy
0:49 Loom
11:10 Feudal Age
16:40 Castle Age
14:52 Horse Collar
15:02 Double-Bit Axe
17:15 Wheelbarrow
16:25 Town Watch
17:54 Heavy Plow
18:33 Bow Saw
20:38 Gold Mining
Timber
3:52 Loom
10:12 Feudal Age
11:12 Man-at-Arms
14:10 Castle Age
12:27 Town Watch
12:55 Gold Mining
15:02 Double-Bit Axe
15:06 Crossbowman
15:43 Fletching
19:06 Crossbowman
20:18 Horse Collar
Connection lost

Rejoining the realm…

Still unreachable

The connection could not be restored.

Session expired

The server has moved on; the page needs a fresh start.